[Event "4th Tata Steel India Rapid Open 2022"]
[Site "Kolkota"]
[Date "2022.12.01"]
[Round "7.4"]
[White "Maghsoodloo, Parham"]
[Black "Erigaisi Arjun"]
[Result "1/2-1/2"]
[ECO "D31"]
[WhiteElo "2720"]
[BlackElo "2718"]
[Annotator "TA"]
[PlyCount "77"]
[EventDate "2022.11.29"]
[EventType "tourn"]
[EventCountry "IND"]
[SourceTitle "playchess.com"]
[Source "ChessBase"]
[SourceQuality "1"]
[TimeControl "900+10"]

1. d4 d5 2. c4 e6 3. Nc3 c6 4. e3 Nf6 5. b3 Nbd7 6. Bb2 {[%emt 0:00:07] D31: Queen's Gambit Declined: Semi-Slav without ...Nf6 (+ Marshall Gambit and Noteboom) and Exchange Variation lines without ...Nf6.} Bd6 7. Bd3 $1 {[%emt 0:01:08][%mdl 4] is currently scoring better than 7.Nf3.} O-O 8. c5 {[%emt 0:00:10] Against e5} Bc7 9. f4 $1 {[%emt 0:00:02] Prevents e5.} b6 {[%emt 0:00:12] [#]} 10. cxb6 $146 ({Predecessor:} 10. b4 a5 11. a3 Ba6 12. Nf3 Bxd3 13. Qxd3 axb4 14. axb4 bxc5 15. bxc5 Ba5 16. O-O Bxc3 17. Bxc3 {0-1 (37) Sergeev,V (2473)-Haba,P (2513) Hustopece 2010}) 10... Bxb6 11. Nf3 c5 12. O-O cxd4 13. exd4 Bb7 14. Na4 Ne4 15. b4 Bc7 16. Ne5 Nxe5 17. fxe5 f6 18. Qg4 (18. Qc2 $14) 18... Qe7 $11 19. Nc5 Nxc5 (19... f5 $5 20. Qe2 Bb6 $11) 20. exf6 (20. dxc5 fxe5 21. Rxf8+ Rxf8 $15) (20. bxc5 $14 fxe5 21. dxe5) 20... Bxh2+ $15 21. Kh1 $1 Rxf6 22. Rxf6 (22. dxc5 $2 Rh6 23. Bc1 Bf4+ 24. Kg1 Rh4 25. Qxf4 Rxf4 26. Bxf4 e5 $19) ({White should play} 22. bxc5 $15 Rh6 23. Bc1) 22... Nxd3 $17 23. Raf1 {[%emt 0:00:02] [#]} h5 (23... Bf4 $1 $17 24. R6xf4 Nxf4 25. Rxf4 Ba6) 24. Qg6 $11 {[%emt 0:00:51] White threatens Rf7 and mate.} Bd6 (24... Nxb2 {gets mated.} 25. Rf7 (25. Kxh2 $2 {perishes.} Ba6 $19) (25. Kxh2 $2 Ba6 $19)) 25. Kg1 {[%emt 0:01:13] Hoping for Rf7. Really sharp!} Nf4 (25... Nxb2 $2 26. Rf7 $18 (26. Rxe6 Qh4 $11) (26. Rxe6 Qh4 $11)) 26. R6xf4 (26. R1xf4 {simplifies} Bxf4 27. Rxf4 Qe8 28. Qxe8+ Rxe8 29. b5) 26... Bxf4 27. Rxf4 Bc6 (27... Qe8 {simplifies} 28. Qxe8+ Rxe8 29. b5 Rf8) 28. Qxh5 Be8 29. Qh3 Bg6 30. Rh4 {[%emt 0:00:02] [#] And now Rh8+ would win.} Kf7 31. b5 Rc8 (31... Qg5 $11 {remains equal.}) 32. Ba3 ({Only move:} 32. Rf4+ $16 Kg8 33. Ba3) 32... Qf6 {[%emt 0:00:27] The position is equal.} 33. Bc5 Bf5 (33... Bd3 {looks sharper.} 34. Qg4 Be2 35. Qg3 g5) 34. Qg3 g5 {[%emt 0:00:26] Against Rf4} 35. Rh5 Kg6 36. Rh4 Kf7 37. Rh5 Kg6 $1 38. Rh4 Kf7 39. Rh5 {[%emt 0:00:01] Weighted Error Value: White=0.12 (very precise) /Black=0.13 (very precise)} 1/2-1/2

[Event "4th Tata Steel India Rapid Open 2022"]
[Site "Kolkota"]
[Date "2022.12.01"]
[Round "7.5"]
[White "Mamedyarov, Shakhriyar"]
[Black "Nihal Sarin"]
[Result "0-1"]
[ECO "D27"]
[WhiteElo "2741"]
[BlackElo "2670"]
[Annotator "TA"]
[PlyCount "68"]
[EventDate "2022.11.29"]
[EventType "tourn"]
[EventCountry "IND"]
[SourceTitle "playchess.com"]
[Source "ChessBase"]
[SourceQuality "1"]
[TimeControl "900+10"]

1. d4 d5 2. c4 dxc4 3. Nf3 Nf6 4. e3 e6 5. Bxc4 c5 6. O-O a6 7. b3 Nbd7 8. Bb2 Be7 {[%emt 0:00:04] 8...Be7 scores better than 8...b5.} 9. Nbd2 {[%emt 0:00:35] D27: Queen's Gambit Accepted: Classical main line: 7 e4!? and 7 a4.} b6 $5 {[%emt 0:00:04][%cal Bb7b6,Bb6b5][%mdl 4] [#] Exploring less charted territory.} 10. e4 $146 ({Predecessor:} 10. dxc5 Nxc5 11. Qc2 Bb7 12. Rfd1 Qc7 13. Be5 Qc6 14. Bf1 Rc8 15. Nd4 Qd5 16. Nc4 Ncd7 17. Bxf6 gxf6 {½-½ (88) Erigaisi,A (2627)-Aronian,L (2782) Kolkata 2021}) 10... Bb7 11. e5 {[%emt 0:00:15] The position is equal.} Nd5 12. Re1 (12. Ne4 {keeps more tension.} b5 13. Nd6+ Bxd6 14. Bxd5 Bxd5 15. exd6 c4 16. bxc4 Bxc4 17. Re1) 12... O-O 13. Ne4 b5 14. Bd3 Rc8 15. Rc1 {[%emt 0:00:36] Prevents c4.} (15. Bf1 {is interesting.} cxd4 16. Qxd4 Nb4 17. Nd6) 15... cxd4 16. Rxc8 Qxc8 17. Bxd4 Qc7 18. Bb1 Rd8 (18... Bb4 $5 19. Rf1 Rd8 $15) 19. g3 h6 20. Qe2 Nf8 21. Rd1 Rd7 22. h4 Qd8 23. Rd2 Bb4 24. Rc2 {[%emt 0:00:00] Now White is beyond hope.} (24. Rd3 $1 $11 {and White is okay.}) 24... Ne7 $19 {[%emt 0:00:00] [#] aiming for ...Nf5.} 25. a3 Bxa3 26. Rd2 Bb4 27. Rd3 Nf5 28. Bb2 Rxd3 29. Bxd3 (29. Qxd3 {keeps fighting.} Qd5 30. Qxd5 Bxd5 31. Bc2) 29... Qd5 {[%emt 0:00:00] [#] And now ...Nd7 would win.} 30. Bc2 Nd7 {[%emt 0:00:00][%cal Bf8d7,Bd7c5,Bc5e4,Be4d2][%mdl 32] Threatens to win with ...Nc5.} 31. g4 Nc5 32. gxf5 $2 (32. Nxc5 Bxc5 33. gxf5 Qxf3 34. Qxf3 Bxf3 35. f6) 32... Nxe4 33. fxe6 (33. Qd3 $142 Qxd3 34. Bxd3) 33... Nd2 34. exf7+ Kf8 {[%emt 0:00:01] Weighted Error Value: White=0.55/Black=0.18 (very precise)} 0-1

[Event "4th Tata Steel India Rapid Open 2022"]
[Site "Kolkota"]
[Date "2022.12.01"]
[Round "8.1"]
[White "Nakamura, Hikaru"]
[Black "Erigaisi Arjun"]
[Result "0-1"]
[ECO "D35"]
[WhiteElo "2768"]
[BlackElo "2718"]
[Annotator "TA"]
[PlyCount "112"]
[EventDate "2022.11.29"]
[EventType "tourn"]
[EventCountry "IND"]
[SourceTitle "playchess.com"]
[Source "ChessBase"]
[SourceQuality "1"]
[TimeControl "900+10"]

1. Nf3 d5 2. e3 Nf6 3. c4 e6 4. Nc3 Bd6 5. d4 b6 6. cxd5 exd5 7. Bd3 {[%emt 0:00:01] 7.Bb5+ is the hot move. D35: Queen's Gambit Declined: Exchange Variation.} O-O 8. Bd2 {[%emt 0:00:07] [#]} c5 $146 ({Predecessor:} 8... Bb7 9. O-O Nbd7 10. Rc1 c5 11. Nb5 Be7 12. Bb1 a6 13. Nc3 Re8 14. Ne5 Nxe5 15. dxe5 {1-0 (35) Goulesque,C (1899)-Tuillier,V (1607) Europe Echecs INT 2020}) 9. dxc5 {[%emt 0:00:07] Black has an edge.} bxc5 10. O-O Nc6 11. h3 (11. e4 {seems wilder.} d4 12. Nd5 h6 13. b4) 11... h6 12. Rc1 Be6 13. Ne2 Ne4 14. a3 Qb6 15. Nc3 Nxd2 (15... Qxb2 16. Bxe4 (16. Nxe4 dxe4 17. Bxe4 Qb5 $11) 16... dxe4 17. Nxe4 $14) (15... f5 $5 ) 16. Qxd2 c4 17. Bb1 (17. Bxc4 $5 dxc4 18. Qxd6 $11) 17... Rfd8 (17... Rfb8 18. Nxd5 Qxb2 19. Be4 $14) 18. Rfd1 Rab8 19. Na4 Qb7 20. Bc2 $1 Qe7 21. Rb1 Qf6 22. Qe2 g6 23. Rd2 ({Better is} 23. Nc3 $15) 23... Kg7 24. Qd1 Bc7 {[%emt 0:01:08] Black has more active pieces. The white rooks are badly placed.} 25. Nc5 Bc8 (25... Rxb2 26. Rxb2 Qxb2 27. Ba4 $14) ({Black should play} 25... Ba5 $15 26. Nd4 Nxd4 27. Rxd4 Bb6 28. Nxe6+ Qxe6) 26. b4 (26. Rxd5 {keeps more tension.} Rxb2 27. Rxd8 Rxb1 28. Qxb1 Qxd8 29. Ne4) 26... Ne5 27. Ne1 Qd6 28. Na4 {[%emt 0:01:21] Prevents c3.} (28. Ne4 $1 $11 Qc6 29. Ba4) 28... a5 29. b5 Be6 $36 {[%emt 0:00:40][%mdl 2048] Black has the initiative.} (29... Qxa3 30. b6 (30. Rxd5 Rxd5 31. Qxd5 Qd6 $11) 30... Bd6 31. Ra1 $11) 30. f4 (30. Nc3 $15) 30... Nd7 $1 $17 31. Nf3 Qxa3 32. Qe1 (32. Re2 $17) 32... Nb6 33. Ra1 Qe7 34. Nc3 Ra8 35. f5 gxf5 36. Ne2 Bd7 37. Ned4 (37. Ng3 $142) 37... f4 38. e4 Re8 (38... dxe4 $1 $19 {and Black stays clearly on top.} 39. Bxe4 Ra7) 39. Re2 {[%emt 0:00:00] Inhibits f5.} dxe4 (39... Qb4 {with more complications.} 40. Qh4 dxe4 41. Bxe4 Rac8) 40. Bxe4 Rad8 41. Rxa5 Qf6 (41... Qc5 $6 42. Kh1 $15) 42. Ra6 (42. Kh1 $17 {is a better defense.}) 42... Bc8 $1 $19 43. Qa1 (43. Ra7 $2 Bb8 44. Ra1 Rxd4 45. Nxd4 Qxd4+ $19) 43... Kg8 {[%emt 0:01:12] Really sharp!} ({Not} 43... Bxa6 44. Nf5+ Kg6 45. N3h4+ Kg5 46. Nf3+ Kg6 47. N3h4+ Kg5 48. Nf3+ Kg6 $11) (43... Kf8 $142 $1 44. Bc6 Rxe2 45. Nxe2 Qxa1+ 46. Rxa1 Kg7) 44. Nc6 $17 Qxa1+ 45. Rxa1 Rd6 {[%emt 0:00:02] Hoping for ...Rde6.} 46. Ra7 Rd1+ 47. Kh2 (47. Kf2 $17 Bd6 48. Bh7+ Kf8 49. Rxe8+ Kxe8 50. Ke2) 47... Bd6 $19 48. Nce5 $2 (48. Bh7+ Kf8 49. Rxe8+ Kxe8 50. Bc2) 48... Bxe5 {[%emt 0:00:31] This pair of bishops is nice.} 49. Bc6 Re6 (49... Nd7 50. b6 f6 51. b7 Bxb7 52. Rxb7 $17) 50. Nxe5 c3 $1 ({And not} 50... f6 51. Ng4 $11) 51. Bf3 {[%emt 0:00:11] And now Bh5 would win.} Rd2 {[%emt 0:00:09] ...Rxe2 is the strong threat.} 52. Re4 Nd5 $2 (52... c2 $1 $19 53. Rc7 Bb7 $1 54. Rxf4 Rxe5 55. Bxb7 Rd7 56. Rxc2 Rxb7) 53. Nxf7 {[%emt 0:00:09] [#]} (53. Ra8 $11 {remains equal.} Nb6 54. Ra3) 53... Rxe4 $1 $17 54. Bxe4 {[%emt 0:00:06] [#]} c2 $1 55. Nd6 $2 (55. Nxh6+ $17 Kf8 56. Rf7+ Ke8 57. Bg6) 55... c1=Q (55... c1=B $2 56. Nxc8 Ne3 57. Kg1 $18 (57. Ne7+ Kf7 $18)) 56. Bh7+ Kh8 {[%emt 0:00:01] Weighted Error Value: White=0.36/Black=0.23 (precise)} 0-1

[Event "4th Tata Steel India Rapid Open 2022"]
[Site "Kolkota"]
[Date "2022.12.01"]
[Round "8.2"]
[White "Nihal Sarin"]
[Black "Maghsoodloo, Parham"]
[Result "1-0"]
[ECO "A80"]
[WhiteElo "2670"]
[BlackElo "2720"]
[Annotator "TA"]
[PlyCount "121"]
[EventDate "2022.11.29"]
[EventType "tourn"]
[EventCountry "IND"]
[SourceTitle "playchess.com"]
[Source "ChessBase"]
[SourceQuality "1"]
[TimeControl "900+10"]

1. d4 e6 2. Nf3 f5 3. Bf4 Nf6 4. e3 b6 5. Be2 Bb7 6. h3 {[%emt 0:00:31] A80: Dutch Defence: Unusual White second moves.} (6. c4 $5 ) 6... Nc6 {[%emt 0:00:09] [#]} 7. Bh2 $146 ({Predecessor:} 7. O-O g6 8. c4 Bg7 9. Nc3 Ne7 10. Nb5 d6 11. c5 Ne4 12. cxd6 cxd6 13. Nd2 {1-0 (32) Grachev,B (2640)-Morozevich,A (2788) Moscow 2008}) 7... Ne7 8. c4 {[%emt 0:00:10] White is slightly better.} Ng6 9. O-O Bd6 10. Bxd6 cxd6 11. Nc3 d5 12. Rc1 O-O 13. cxd5 Nxd5 14. Nxd5 Bxd5 15. Bc4 Ne7 16. Bxd5 Nxd5 17. Ne5 d6 18. Nd3 Qd7 19. Qd2 a5 20. Rc2 Rfc8 21. Rfc1 Ne7 22. Kf1 Rxc2 23. Rxc2 Rc8 24. Qc1 Rxc2 25. Qxc2 $11 {[%emt 0:00:02][%mdl 4096] Endgame KQN-KQN} h6 26. Ke2 g5 27. f3 Kf7 28. Kd2 Kg7 29. Qb3 b5 30. Qc3 Qa7 31. Qb3 Qd7 32. Qc3 b4 33. Qc4 Nd5 34. e4 Nf6 (34... Nb6 $11 {keeps the balance.} 35. Qa6 Qc7) 35. e5 $1 $16 dxe5 (35... Nd5 36. Qa6 dxe5 37. Nxe5 $16) (35... Ne8 $16) 36. Nxe5 $18 Qd6 (36... Qe7 {is a better defense.} 37. Qa6 Nd5) 37. Qc5 Qxc5 38. dxc5 {[%emt 0:00:01] KN-KN} Nd5 39. Nc4 a4 $2 (39... Kf6) 40. Nb6 {[%emt 0:00:01] And now Nxd5 would win.} Kf6 $2 (40... Ne7 41. Kd3 (41. Nxa4 Kf6 $16) 41... a3) 41. Nxd5+ ({Weaker is} 41. Nxa4 Ke7 $16) 41... exd5 {[%emt 0:00:01] KP-KP} 42. Kd3 Ke5 43. g3 {[%emt 0:00:01][%cal Of3f4,Bg2g3,Bg3g4][%mdl 32] Threatens to win with f4+!} f4 {[%emt 0:00:37] [#]} 44. g4 $1 b3 {[%emt 0:02:48] [#]} 45. axb3 $1 axb3 46. Kc3 d4+ 47. Kxb3 Kd5 48. c6 Kxc6 49. Kc4 d3 50. Kxd3 Kc5 51. Kc3 $2 (51. Ke4 {mates} Kc4 52. Kf5 Kd4 53. b4 Kc4 54. Kg6 Kd4 55. b5 Kd5 56. Kxh6) 51... Kb5 $2 {[%emt 0:00:22] A mistake that costs the game.} (51... Kd5 $16 52. b4 Kd6 53. Kc4 Ke7 54. b5 Kd6 55. Kd4 Ke6 56. Kc5 h5 57. gxh5 Kf5) 52. b4 {[%emt 0:00:01][%cal Bb2b4,Bb4b5,Bb5b6,Bb6b7][%mdl 32] White mates.} Kb6 53. Kc4 Kc6 54. b5+ Kb6 55. Kb4 Kb7 56. Kc5 Kc7 57. b6+ Kb7 58. Kb5 Kb8 59. Kc6 Kc8 60. b7+ Kb8 61. Kb6 {[%emt 0:00:00] Weighted Error Value: White=0.18 (very precise) /Black=0.32} 1-0

[Event "4th Tata Steel India Rapid Open 2022"]
[Site "Kolkota"]
[Date "2022.12.01"]
[Round "8.3"]
[White "Abdusattorov, Nodirbek"]
[Black "Mamedyarov, Shakhriyar"]
[Result "1/2-1/2"]
[ECO "C50"]
[WhiteElo "2713"]
[BlackElo "2741"]
[Annotator "TA"]
[PlyCount "107"]
[EventDate "2022.11.29"]
[EventType "tourn"]
[EventCountry "IND"]
[SourceTitle "playchess.com"]
[Source "ChessBase"]
[SourceQuality "1"]
[TimeControl "900+10"]

1. e4 e5 2. Nf3 Nc6 3. Bc4 Nf6 4. d3 Bc5 5. Nc3 h6 6. O-O O-O 7. h3 $1 {[%emt 0:00:01][%mdl 4] is now more promising than 7.Be3.} Re8 {[%emt 0:00:27] C50: Hungarian Defence and Giuoco Pianissimo.} 8. Be3 Bb6 9. a3 d6 10. Re1 Be6 11. Bxe6 Rxe6 (11... fxe6 {simplifies} 12. Bxb6 axb6 13. Nb1 Nd7) 12. Bxb6 axb6 {[%emt 0:00:02] [#]} 13. d4 $146 ({Predecessor:} 13. Qd2 d5 14. exd5 Nxd5 15. Nxd5 Qxd5 16. Qe3 Rg6 17. Qe4 Qd7 18. Nxe5 Nxe5 19. Qxe5 Qxh3 {1-0 (38) Shreya,P-Noshin,A (1129) Dhaka 2022}) 13... exd4 14. Nxd4 Nxd4 15. Qxd4 Qd7 16. Re3 Rae8 17. Rae1 Qc6 18. a4 Qc5 19. Qd3 c6 20. Kf1 h5 21. g3 h4 {[%emt 0:00:27] White should prevent ...hxg3.} 22. g4 $1 Qe5 (22... Nd7 $5 23. b3 Ne5 $11) 23. Kg1 {[%emt 0:00:40] Against Qh2+} Nd7 24. Qd2 Qf6 25. Qe2 Ne5 26. b3 g5 27. Rd1 Qf4 (27... Kg7 $15) 28. Kg2 $11 Rf6 29. Nb1 Ng6 30. Nd2 {[%emt 0:00:00] [#]} (30. c4 $11) 30... Qe5 ({Black should play} 30... Rfe6 $1 $17) 31. Kg1 (31. Kh1 $11) 31... Nf4 $15 32. Qf1 Qc5 33. Qc4 d5 (33... Rfe6 $15) 34. Qxc5 $11 bxc5 35. exd5 Rxe3 36. fxe3 Nxh3+ {[%emt 0:00:49][%mdl 4096] Endgame KRN-KRN} 37. Kg2 Nf2 {[%emt 0:00:01] Against Ne4} 38. Rf1 h3+ $1 ({Don't do} 38... Nxg4 39. Rxf6 Nxf6 40. dxc6 bxc6 41. a5 $16) 39. Kg3 {[%emt 0:00:51] [#]} ({White should try} 39. Kg1 $11 h2+ 40. Kxh2 cxd5 41. Kg3 Ne4+ 42. Kg2) 39... Ne4+ $1 $15 40. Kh2 Rxf1 (40... Nxd2 $2 41. Rxf6 cxd5 42. Rf5 $18) 41. Nxf1 {[%emt 0:00:02] Threatens to win with dxc6.} cxd5 $17 {[%emt 0:00:02][%cal Of7f5] KN-KN} 42. Ng3 {[%emt 0:00:20] Prevents f5.} (42. Kxh3 $15 Kg7 43. Kg2) 42... Nf2 (42... Nxg3 $142 43. Kxg3 Kg7 44. Kxh3 Kf6) 43. Nf5 Kf8 (43... Nxg4+ $17 44. Kxh3 Nf2+ 45. Kg2 Ne4) 44. Nd6 $1 $11 {[%emt 0:00:28] The position is equal.} b6 45. Nc8 $1 Nxg4+ 46. Kxh3 Nxe3 47. Nxb6 {[%emt 0:00:05] And now a5 would win.} Nxc2 48. Nxd5 Ke8 49. Kg4 Kd7 50. a5 Kc6 51. a6 Nd4 (51... Kxd5 $2 52. a7 $18) 52. b4 c4 (52... Kxd5 $2 53. a7 cxb4 54. a8=Q+ $18 (54. a8=B+ Nc6 55. Bb7 b3 56. Bc8 Ne7 57. Bb7+ Kd4 58. Kxg5 b2 59. Kf6 b1=Q 60. Bg2 Nd5+ 61. Bxd5 Kxd5 62. Ke7 Ke5 63. Kd8 Kd6 64. Ke8 Ke6 65. Kf8 Qg6 66. Ke8 Qg8#)) 53. Ne3 c3 {[%emt 0:00:09] Strongly threatening ...f6.} 54. Kxg5 {[%emt 0:00:01] Weighted Error Value: White=0.13 (very precise) /Black=0.11 (very precise)} (54. a7 $5 Kb7 $8 55. Kxg5 $11) 1/2-1/2

[Event "4th Tata Steel India Rapid Open 2022"]
[Site "Kolkota"]
[Date "2022.12.01"]
[Round "8.4"]
[White "Gukesh D"]
[Black "Sethuraman, S.P."]
[Result "1-0"]
[ECO "D78"]
[WhiteElo "2725"]
[BlackElo "2643"]
[Annotator "TA"]
[PlyCount "127"]
[EventDate "2022.11.29"]
[EventType "tourn"]
[EventCountry "IND"]
[SourceTitle "playchess.com"]
[Source "ChessBase"]
[SourceQuality "1"]
[TimeControl "900+10"]

1. c4 c6 2. Nf3 d5 3. g3 g6 4. Bg2 Bg7 5. O-O Nf6 6. b3 Ne4 7. d4 O-O 8. Bb2 Bf5 9. Nh4 {[%emt 0:00:25] Recently 9.e3 got a lot of attention. D78: Fianchetto Grünfeld: 6 0-0 c6.} Be6 10. Qc2 Nf6 11. Nd2 {[%emt 0:00:15] White is slightly better.} a5 12. e4 dxe4 13. Nxe4 Nxe4 14. Bxe4 {[%emt 0:00:02] [#]} Nd7 $146 ({Predecessor:} 14... Bh3 15. Rfe1 Nd7 16. Rad1 Nf6 17. Bh1 a4 18. bxa4 e6 19. Bc3 Re8 20. Rb1 Qc7 {1-0 (40) Magalashvili,D (2456)-Mischuk,D (2364) Chess.com INT 2020}) 15. Rfe1 Nf6 16. Bg2 a4 17. Bc3 axb3 18. axb3 Rxa1 19. Rxa1 Qc8 20. Qe2 Re8 21. Nf3 Bh3 22. Bh1 Bg4 23. Qe3 Bxf3 24. Bxf3 e5 25. dxe5 Nd7 $1 26. Bg2 {[%emt 0:00:00] Hoping for f4.} Nxe5 27. Re1 Re6 $1 28. Qd2 Qd7 $1 29. f4 (29. Qxd7 {simplifies} Nxd7 30. Rxe6 fxe6 31. Bb4) 29... Qxd2 30. Bxd2 {[%emt 0:00:01] This pair of bishops is nice.} Nd3 (30... Ng4 $5 31. Rxe6 Bd4+ 32. Be3 Bxe3+ 33. Rxe3 Nxe3 $11) 31. Rxe6 fxe6 $11 {[%emt 0:00:00][%mdl 4096] Endgame KBB-KBN} 32. Kf1 Nc5 33. b4 Nb3 34. Be1 Nd4 35. Bf2 Kf7 36. Be4 e5 37. fxe5 (37. Bxd4 $1 $14 exd4 38. Ke2) 37... Bxe5 38. Ke1 Ke7 39. Kd2 Ne6 40. Kd3 Kd7 41. Be3 Bd6 42. c5 Be5 43. Kc4 Nc7 44. Bf2 Nb5 45. Bg2 Na3+ 46. Kd3 Nb5 47. h4 Bc3 48. Kc4 Bd2 49. g4 Na3+ 50. Kb3 Nb5 51. g5 Ke7 52. Bh3 h6 (52... Kd8 $11 {keeps the balance.}) 53. gxh6 ({Better is} 53. Kc2 $16 Bf4 54. gxh6 Bxh6 55. Bc8) 53... Bxh6 $14 54. Bc8 Kd8 (54... Bd2 $14) 55. Bxb7 $16 Kc7 56. Ba6 {[%emt 0:00:09] And now Kc4 would win.} Bf4 $2 {[%emt 0:00:02][%mdl 8192] [#] This costs Black the game.} (56... Bd2 $16 {was called for.} 57. Kc4 Na3+ 58. Kd4 (58. Kb3 Nb5 $16) 58... Nc2+ 59. Ke5 Nxb4) 57. Kc4 $18 Na3+ 58. Kd3 Kd7 59. Be1 Nb5 $2 (59... Bh2 $18 60. Ke4 Nc2) 60. Bxb5 cxb5 61. Ke4 Bh2 62. Kd5 {[%emt 0:00:08] [#] aiming for c6+.} Kc7 63. Ke6 Bf4 64. Kf6 {[%emt 0:00:02] Weighted Error Value: White=0.07 (flawless) /Black=0.43} 1-0

[Event "4th Tata Steel India Rapid Open 2022"]
[Site "Kolkota"]
[Date "2022.12.01"]
[Round "8.5"]
[White "Vidit, Santosh Gujrathi"]
[Black "So, Wesley"]
[Result "1/2-1/2"]
[ECO "C52"]
[WhiteElo "2724"]
[BlackElo "2760"]
[Annotator "TA"]
[PlyCount "94"]
[EventDate "2022.11.29"]
[EventType "tourn"]
[EventCountry "IND"]
[SourceTitle "playchess.com"]
[Source "ChessBase"]
[SourceQuality "1"]
[TimeControl "900+10"]

1. e4 e5 2. Nf3 Nc6 3. Bc4 Bc5 4. b4 Bxb4 5. c3 Ba5 6. d4 d6 7. Qb3 Qd7 8. O-O $1 {[%emt 0:00:18][%mdl 4] is now more promising than 8.dxe5.} Bb6 $1 {[%emt 0:00:03] C52: Evans Gambit Accepted: 5 c3 Ba5.} 9. Nbd2 Na5 10. Qc2 Nxc4 {[%emt 0:00:34] Black is slightly better.} 11. Nxc4 Qc6 {[%emt 0:00:01] Inhibits a4.} 12. Nxb6 axb6 13. dxe5 dxe5 14. Nxe5 Qa4 15. Qd3 {[%emt 0:00:21] Qg3 is the strong threat.} Ne7 16. Qg3 O-O 17. Re1 {[%emt 0:00:16] [#]} Be6 $146 ({Predecessor:} 17... Re8 18. Bf4 Ng6 19. Nxg6 hxg6 20. Bxc7 Rxe4 21. h3 Qxa2 22. Rxe4 Qxa1+ 23. Kh2 Be6 24. Bxb6 {½-½ (39) Sindarov,J (2609)-Erdos,V (2615) Warsaw 2021}) 18. h4 {[%emt 0:01:12][%cal Bh2h4,Bh4h5][%mdl 32] White wants to play h5.} (18. Bh6 Ng6 19. Nxg6 hxg6 $11) 18... Kh8 19. h5 {[%emt 0:00:11] next h6 is good for White.} h6 20. Bf4 Ra5 21. Rad1 Qxa2 22. Nf3 Rxh5 23. Bxc7 Ng6 24. Bxb6 Kh7 25. Bd4 Re8 26. Ra1 Qc4 27. Ra7 Qc6 28. Raa1 (28. Nd2 $11) 28... Bd7 $1 $15 29. Nd2 Rg5 $1 {[%emt 0:01:07] Prevents f3.} 30. Qh2 f5 31. Ra5 b5 32. Ra7 (32. f3 $15) 32... fxe4 $17 {[%emt 0:00:03] And now ...Ne5 would win.} 33. Qc7 {[%emt 0:00:31] [#]} (33. Rc7 $17 e3 34. fxe3 (34. Rxc6 exd2 35. Rf1 Re1) 34... Rxg2+ 35. Qxg2 Qxc7 36. Qh2) 33... Nf8 $2 (33... e3 $1 $19 34. Qxc6 (34. Qxd7 $2 Qxg2#) 34... exd2) 34. Qxc6 {[%emt 0:00:40] The position is equal.} Bxc6 35. Be3 Rd5 36. Rc7 Bd7 37. Ra1 Ne6 38. Rb7 Rd3 39. Raa7 Bc6 40. Re7 Rxe7 ({Don't play} 40... Rxc3 41. Rxe8 Bxe8 42. Re7 $16) 41. Rxe7 Bd5 42. Nxe4 $1 {[%emt 0:00:15][%mdl 64] [#] aiming for Nf6+.} Kg6 {[%emt 0:00:12] Inhibits Nf6.} 43. Nd6 Rxc3 44. Nxb5 Rb3 45. Nd4 Nxd4 46. Bxd4 Rb7 47. Rxb7 Bxb7 {[%emt 0:00:01] Weighted Error Value: White=0.13 (very precise) /Black=0.08 (flawless)} 1/2-1/2